 Dungeon Crawl Stone Soup version 0.25.1-8-g42b30a86e7 (webtiles) character file.

Game seed: 14856190976614157831

285 Abzac the Covert (level 6, -7/41 HPs)
             Began as an Octopode Assassin on Dec 18, 2020.
             Was an Initiate of Dithmenos.
             Mangled by a hornet zombie (12 damage)
             ... on level 5 of the Dungeon.
             The game lasted 00:14:04 (4078 turns).

Abzac the Covert (Octopode Assassin)                Turns: 4078, Time: 00:14:05

Health: -7/41      AC:  1    Str: 12    XL:     6   Next: 29%
Magic:  6/6        EV: 13    Int: 19    God:    Dithmenos [......]
Gold:   133        SH:  5    Dex: 14    Spells: 5/5 levels left

rFire    . . .     SeeInvis .   a - +2 dagger
rCold    . . .     Gourm    .   (no shield)
rNeg     . . .     Faith    .   (helmet restricted)
rPois    .         Spirit   .   k - amulet of reflection
rElec    .         Reflect  +   s - +6 ring of intelligence
rCorr    .         Harm     .   (no ring)
MR       .....                  (no ring)
Stlth    +++++.....             (no ring)
HPRegen  0.13/turn              (no ring)
MPRegen  0.10/turn              (no ring)
                                (no ring)
                                (no ring)

@: no status effects
A: almost no armour, stealthy swim, amphibious, 8 rings, constrict 8, camouflage
1, gelatinous body 1
a: Renounce Religion


You were on level 5 of the Dungeon.
You worshipped Dithmenos.
Dithmenos was noncommittal.
You were not hungry.

You visited 1 branch of the dungeon, and saw 5 of its levels.

You collected 133 gold pieces.

Inventory:

Hand Weapons
 a - a +2 dagger (weapon)
 o - a +0 short sword of draining
Missiles
 b - 8 poisoned darts (quivered)
 c - 2 curare-tipped darts
Armour
 r - a +2 helmet
Jewellery
 k - an amulet of reflection (around mantle)
 s - a +6 ring of intelligence (left tentacle)
 v - an uncursed amulet of regeneration {unknown}
Wands
 t - a wand of clouds (7)
 w - a wand of flame (10)
Scrolls
 e - 3 scrolls of blinking
 f - a scroll of remove curse {unknown}
 g - 3 scrolls of teleportation
 h - a scroll of identify
 j - a scroll of immolation {unknown}
 l - 2 scrolls of fog {unknown}
 m - a scroll of enchant weapon {unknown}
 n - a scroll of enchant armour {unknown}
 p - a scroll of amnesia
 u - a scroll of fear {unknown}
 x - a scroll of noise {unknown}
Potions
 i - 2 potions of curing
 q - 2 potions of haste
Comestibles
 d - 6 rations
 z - 3 chunks of flesh


   Skills:
 + Level 2.7 Fighting
 - Level 3.1 Short Blades
 - Level 2.0 Throwing
 - Level 1.0 Dodging
 * Level 9.2 Stealth


You had 5 spell levels left.
You didn't know any spells.
Your spell library was empty.

Dungeon Overview and Level Annotations

Branches:
Dungeon (5/15)             Temple (0/1) D:5

Altars:
Dithmenos

Annotations:
D:3 Sigmund


Innate Abilities, Weirdness & Mutations

You cannot wear most types of armour.
You are very stealthy in the water. (Stealth+)
You are amphibious.
You can wear up to eight rings at the same time.
You can use your tentacles to constrict eight enemies at once.
Your skin changes colour to match your surroundings (Stealth+).
Your rubbery body absorbs attacks. (AC +1, EV +1)


Message History

You are too injured to fight recklessly!
You release your grip on the hornet zombie.
The hornet zombie hits you. The hornet zombie closely misses you.
You are too injured to fight recklessly!
You are too injured to fight recklessly!
You feel better. You block the hornet zombie's attack.
You completely miss the hornet zombie. You grab the hornet zombie.
The hornet zombie is moderately damaged.
You constrict the hornet zombie. You block the hornet zombie's attack.
You hit the hornet zombie.
The hornet zombie is heavily damaged.
You constrict the hornet zombie. The hornet zombie hits you!
* * * LOW HITPOINT WARNING * * *
You completely miss the hornet zombie.
The hornet zombie is heavily damaged.
You constrict the hornet zombie. The hornet zombie hits you!
* * * LOW HITPOINT WARNING * * *
The hornet zombie hits you!
You die...

#............#
#.............
#####.............
#.................
#.####............
#.# #............
#.# #............
#.# ##...........
#########@#
#...........
#.H#รท....Z#
##..........
+..#......#
##.......### ##
#..##..#
###.########
#..##..###(.##
#....).##..##
#......#..##
######'##...###
.l#.....#......#


You could see a hippogriff and a hornet zombie.

Vanquished Creatures
  A scorpion (D:4)
  A howler monkey (D:5)
  A crimson imp (D:5)
  An iguana (D:4)
  Terence (D:3)
  3 adders
  An adder skeleton (D:4)
  2 worms
  5 dart slugs
  3 leopard geckos
  5 orcs
  A ball python (D:3)
  A giant cockroach (D:5)
  5 goblins
  2 hobgoblins
  5 jackals (D:1)
  A quokka (D:2)
  A ball python skeleton (D:5)
  A bat (D:2)
  6 frilled lizards
  6 kobolds
  A quokka skeleton (D:3)
  4 rats
58 creatures vanquished.

Notes
Turn   | Place    | Note
-------+----------+-------------------------------------------
     0 | D:1      | Abzac the Octopode Assassin began the quest for the Orb.
     0 | D:1      | Reached XP level 1. HP: 14/14 MP: 1/1
    59 | D:1      | Reached XP level 2. HP: 8/19 MP: 2/2
   636 | D:1      | You fall into a shaft and drop 1 floor!
   660 | D:2      | Reached skill level 6 in Stealth
   660 | D:2      | Reached XP level 3. HP: 25/25 MP: 3/3
  1134 | D:3      | Reached XP level 4. HP: 8/30 MP: 4/4
  1462 | D:2      | HP: 1/30 [orc/+0 flail (5)]
  2157 | D:2      | You fall into a shaft and drop 2 floors!
  2444 | D:3      | Noticed Sigmund
  2653 | D:3      | Reached skill level 7 in Stealth
  2771 | D:3      | Noticed Terence
  2782 | D:3      | Killed Terence
  2782 | D:3      | Reached XP level 5. HP: 24/35 MP: 5/5
  3072 | D:4      | Found a shadowy altar of Dithmenos.
  3096 | D:4      | Noticed a phantom
  3229 | D:4      | Reached skill level 8 in Stealth
  3315 | D:4      | Noticed an ogre
  3370 | D:4      | Noticed a phantom
  3653 | D:4      | Became a worshipper of Dithmenos the Shadowed
  3685 | D:5      | Entered Level 5 of the Dungeon
  3814 | D:5      | Found a staircase to the Ecumenical Temple.
  3933 | D:5      | Noticed a hippogriff
  3938 | D:5      | Reached skill level 9 in Stealth
  3938 | D:5      | Reached XP level 6. HP: 41/41 MP: 6/6
  4078 | D:5      | Mangled by a hornet zombie

Illustrated notes

Levels and vault maps discovered:
D:1:      minmay_arrival_five_plusses, layout_basic
D:2:      layout_basic
D:3:      layout_basic, trog_eyes_of_draining, tgw_sif, uniq_terence,
          uniq_sigmund
D:4:      layout_loops_corners, grunt_dithmenos_smoke, first_ration,
          serial_bayou, serial_bayou_pond_e, serial_bayou_pond_e,
          serial_bayou_lagoon_a, serial_bayou_lake_a
D:5:      minmay_clustersquares, layout_cave_pods,
          nicolae_gozag_zags_fifth_avenue, temple_doors_e, uniq_grinder

Skill      XL: |  1  2  3  4  5 |
---------------+----------------+-----
Stealth        | 6 7 9 |  9.2
Short Blades   | 3 |  3.1
Fighting       | |  2.7
Throwing       | |  2.0
Dodging        | |  1.0

Action                   |  1- 3 |  4- 6 || total
-------------------------+-------+-------++-------
Melee: Dagger            |    41 |    76 ||   117
       Constrict         |     9 |    17 ||    26
       Tentacles         |     5 |    13 ||    18
Throw: Dart              |       |     4 ||     4
  Use: Potion            |     4 |     1 ||     5
       Scroll            |       |     6 ||     6
 Stab: Sleeping          |    17 |    15 ||    32
  Eat: Chunk             |       |     7 ||     7
       Ration            |       |     1 ||     1
Armor: Skin              |       |     1 ||     1
Dodge: Dodged            |    17 |    26 ||    43
Block: Other             |       |    13 ||    13
